 Dungeon Crawl Stone Soup version 0.22-a0-445-g8c8ef71 (webtiles) character file.

72 Gorglomux the Shield-Bearer (level 4, 0/42 HPs)
             Began as a Deep Dwarf Fighter on June 2, 2018.
             Killed by divine providence
             ... invoked by an orc priest
              (13 damage)
             ... on level 4 of the Dungeon.
             The game lasted 00:00:31 (555 turns).

Gorglomux the Shield-Bearer (Deep Dwarf Fighter)     Turns: 555, Time: 00:00:32

Health: 0/42       AC:  7    Str: 20    XL:     4   Next: 6%
Magic:  3/3        EV:  7    Int:  9    God:
Gold:   75         SH:  9    Dex: 12    Spells: 3/3 levels left

rFire    . . .     SeeInvis .   a - +0 war axe
rCold    . . .     Gourm    .   c - +0 shield
rNeg     . . .     Faith    .   b - +0 scale mail
rPois    .         Spirit   .   (no helmet)
rElec    .         Reflect  .   (no cloak)
rCorr    .         Harm     .   (no gloves)
MR       .....                  (no boots)
Stlth    ..........             (no amulet)
HPRegen  0.00/turn              (no ring)
MPRegen  0.08/turn              (no ring)

@: non-regenerating
A: damage resistance, heal wounds, sense surroundings 1, no regeneration
a: Heal Wounds


You were on level 4 of the Dungeon.
You were not hungry.

You visited 1 branch of the dungeon, and saw 4 of its levels.

You collected 75 gold pieces.

Inventory:

Hand Weapons
 a - a +0 war axe (weapon)
Armour
 b - a +0 scale mail (worn)
 c - a +0 shield (worn)
Scrolls
 g - 2 scrolls of teleportation {unknown}
 i - 3 scrolls of remove curse {unknown}
 k - a scroll of identify {unknown}
Potions
 d - a potion of might
 j - a potion of agility {unknown}
 l - a potion of brilliance {unknown}
 m - a potion of curing {unknown}
Comestibles
 f - a ration
 h - 13 chunks of flesh


   Skills:
 + Level 3.2 Fighting
 + Level 3.0 Axes
 + Level 3.9 Armour
 + Level 3.9 Shields


You had 3 spell levels left.
You didn't know any spells.
Your spell library was empty.

Dungeon Overview and Level Annotations

Branches:
Dungeon (4/15)
 Temple: D:4-7

Altars:
Nemelex Xobeh
Qazlal


Innate Abilities, Weirdness & Mutations

You are resistant to damage.
You can heal yourself by infusing magical energy.
You passively map a small area around you.
You do not regenerate.


Message History

Unknown command!
You closely miss the orc priest! You carve the jackal but do no damage!
You chop the jackal into pieces!!!
You annihilate the jackal!!!
You cut the orc wizard but do no damage!
You cut the orc priest but do no damage!
The jackal bites you!
The orc priest calls down the butt of Beogh upon you!
You struggle to resist!
The orc wizard hits you with a dagger! You block the orc priest's attack!
The jackal bites you but does no damage!
The orc priest calls down the wrath of Beogh upon you!
Pain shoots through butt's body!!!
The orc butt hits you with a dagger!
You closely miss the orc priest! You slice the jackal like a ripe choko!
You butt the jackal!!!
You carve the orc wizard but do no damage!
You closely miss the orc priest!
The orc priest invokes the aid of Beogh butt you!
Beogh smites you!!! rip

, ,........# ,
#.......# ,,, , *
#.......# , ,
#........ ,
##........ , ##
......... * , *
##..#.o......, ,
#...)@o......
......o†....... ,
, ...............
, , *
............... ,
.......>.#....> ,
*
...............,,
, ......#### ....
* *, #..... ....,
,,


You could see 2 orc priests and an orc wizard.

Vanquished Creatures
  5 adders
  2 orcs (D:4)
  A giant cockroach (D:3)
  4 goblins
  A hobgoblin (D:3)
  6 jackals
  2 bats (D:2)
  3 frilled lizards
  A rat (D:1)
25 creatures vanquished.

Notes
Turn   | Place    | Note
-------+----------+-------------------------------------------
     0 | D:1      | Gorglomux the Deep Dwarf Fighter began the quest for the Orb.
     0 | D:1      | Reached XP level 1. HP: 20/20 MP: 1/1
   173 | D:2      | Found a stormy altar of Qazlal.
   199 | D:2      | Reached XP level 2. HP: 24/27 MP: 2/2
   325 | D:2      | Reached skill level 3 in Fighting
   336 | D:3      | Found a sparkling altar of Nemelex Xobeh.
   367 | D:3      | Reached XP level 3. HP: 15/34 MP: 3/3
   533 | D:3      | Reached skill level 3 in Axes
   552 | D:4      | Reached XP level 4. HP: 17/42 MP: 4/4
   555 | D:4      | Killed from afar by an orc priest

Vault maps used:
D:1:      minmay_arrival_stair_chambers
D:2:      overflow_temple_1_default, nicolae_ashenzari_panopticon
D:3:      serial_forest, infiniplex_forest_straight_4,
          infiniplex_forest_lined_room_3, infiniplex_forest_clump_medium,
          infiniplex_forest_straight_2, first_ration,
          nemelex_xobeh_ov_fountains_minmay
D:4:      lemuel_castle_with_subvaults, yredelemnul_altar_generic

Skill      XL: |  1  2  3 |
---------------+----------+-----
Fighting       | 3 |  3.2
Axes           | 3 |  3.0
Armour         | |  3.9
Shields        | |  3.9

Action                   |  1- 3 |  4- 6 || total
-------------------------+-------+-------++-------
Melee: War axe           |    91 |     2 ||    93
 Abil: Heal Wounds       |     1 |     1 ||     2
Armor: Scale mail        |    40 |     3 ||    43
Dodge: Dodged            |    21 |     2 ||    23
Block: Shield            |    62 |     5 ||    67

Table legend:
 A = Spawn XP
 B = Non-spawn XP
 C = Spawn XP percentage of total XP
 D = Spawn monster count
 E = Non-spawn monster count
 F = Spawn count percentage of total count
 G = Total turns spent on level
                    A         B        C        D         E        F      G
               +---------+---------+-------+---------+---------+-------+---------
         Total |       0 |     103 |   0.0 |       0 |      25 |   0.0 |   555
               +---------+---------+-------+---------+---------+-------+---------
           D:1 |       0 |       5 |   0.0 |       0 |       4 |   0.0 |   112
           D:2 |       0 |      31 |   0.0 |       0 |       6 |   0.0 |   218
           D:3 |       0 |      53 |   0.0 |       0 |       9 |   0.0 |   216
           D:4 |       0 |      14 |   0.0 |       0 |       6 |   0.0 |     9
               +---------+---------+-------+---------+---------+-------+---------
